 Dungeon Crawl Stone Soup version 0.22.0-49-gab54619 (webtiles) character file.

12422 Fang the Cleaver (level 11, -8/71 HPs)
             Began as a Gargoyle Berserker on Sept 7, 2018.
             Was an Elder of Trog.
             Mangled by a crocodile (11 damage)
             ... on level 1 of the Lair of Beasts.
             The game lasted 00:16:25 (10230 turns).

Fang the Cleaver (Gargoyle Berserker)              Turns: 10230, Time: 00:16:27

Health: -8/71      AC: 15    Str: 30    XL:     11   Next: 93%
Magic:  11/11      EV: 14    Int:  8    God:    Trog [****..]
Gold:   566        SH:  0    Dex:  9    Spells: 10/10 levels left

rFire    x . .     SeeInvis .   a - +5 hand axe
rCold    + . .     Gourm    .   (no shield)
rNeg     + + .     Faith    .   w - +1 leather armour of Shadows and Fog {rElec rF- rC+ Str+6} (curse)
rPois    ∞         Spirit   .   q - +2 hat
rElec    +         Reflect  .   p - scarf {cloud immunity}
rCorr    .         Harm     .   (no gloves)
MR       .....                  (no boots)
Stlth    ++........             g - amulet of the acrobat
HPRegen  0.21/turn              k - ring of flight
MPRegen  0.12/turn              A - ring of positive energy

@: about to teleport, berserk cooldown, slowed, very slow
A: negative energy resistance 1, electricity resistance, unbreathing,
petrification resistance, rot immunity, AC +8
a: Berserk, Trog's Hand, Brothers in Arms, Renounce Religion, Evoke Flight


You were on level 1 of the Lair of Beasts.
You worshipped Trog.
Trog was greatly pleased with you.
You were near starving.

You visited 3 branches of the dungeon, and saw 12 of its levels.
You also visited: Sewer.

You collected 566 gold pieces.

Inventory:

Hand Weapons
 a - a +5 hand axe (weapon)
Armour
 b - a +0 animal skin
 m - +2 pearl dragon scales
 p - a scarf of cloud immunity (worn)
 q - a +2 hat (worn)
 w - the cursed +1 leather armour of Shadows and Fog (worn) {rElec rF- rC+ Str+6}
   (You found it on level 9 of the Dungeon)

   It affects your strength (+6).
   It makes you vulnerable to fire.
   It protects you from cold.
   It insulates you from electricity.
   It has a curse placed upon it.
 G - a +2 cloak of poison resistance
Jewellery
 g - an amulet of the acrobat (around neck)
 k - a ring of flight (left hand)
 A - a ring of positive energy (right hand)
Wands
 l - a wand of acid (4)
 u - a wand of disintegration (16)
 C - a wand of polymorph (21)
Scrolls
 i - 4 scrolls of magic mapping
 n - a scroll of blinking
 x - 6 scrolls of identify
 y - a scroll of enchant armour
 B - 2 scrolls of fog
 E - a scroll of teleportation
Potions
 d - 4 potions of lignification
 e - 2 potions of agility
 f - a potion of heal wounds
 h - a potion of resistance
 j - 2 potions of might
 o - 3 potions of mutation
 r - 3 potions of flight
 s - 4 potions of curing
 t - 2 potions of berserk rage
 z - 4 potions of haste
Comestibles
 c - 13 rations


   Skills:
 + Level 9.1 Fighting
 + Level 12.1 Axes
 + Level 8.1 Armour
 + Level 6.5 Dodging
 + Level 3.5 Stealth
 + Level 0.7 Unarmed Combat


You had 10 spell levels left.
You didn't know any spells.
Your spell library was empty.

Dungeon Overview and Level Annotations

Branches:
Dungeon (10/15)            Temple (1/1) D:4            Lair (1/6) D:9
    Orc: D:9-12

Altars:
Dithmenos
Fedhas
Hepliaklqana
Kikubaaqudgha
Qazlal
Ru
Trog
Uskayaw
Wu Jian
Xom
Yredelemnul

Shops:
D:8 %:[   D:9 =

Annotations:
D:7 , 2 transporters


Innate Abilities, Weirdness & Mutations

You are resistant to torment.
Your stone body is resilient. (AC +8)
You are immune to poison.
You resist negative energy. (rN+)
You are resistant to electric shocks. (rElec)
You can survive without breathing.
You are immune to petrification.
You are immune to rotting.


Message History

You hit the wolf but do no damage. The wolf bites you.
* * * LOW HITPOINT WARNING * * *
The wolf bites you but does no damage. x2
The crocodile bites you but does no damage.
The wolf bites you.
* * * LOW HITPOINT WARNING * * *
You closely miss the crocodile. You hit the wolf. You closely miss the wolf.
The wolf misses you. The wolf closely misses you. The wolf misses you.
The crocodile bites you.
* * * LOW HITPOINT WARNING * * *
The wolf bites you but does no damage.
Unknown command.
As you read the scroll of teleportation, it crumbles to dust.
You feel strangely unstable. The wolf closely misses you.
The wolf bites you but does no damage. The wolf closely misses you.
The crocodile bites you but does no damage.
The wolf barely misses you. The wolf bites you.
* * * LOW HITPOINT WARNING * * *
The crocodile bites you!
You die...

##### ###### ###
###...####.##.#########P######
...............................
..............................
###...##......####P##....##.###
..............#.#####..........
.......#......##@h.##..........
.......#.......#th.##....^.)...
.......#......##....#....#.....
.......#......##.†.......# ....
.......#......###†.#.....# ...
#.##P.##......#P..P.#....# ..
.........................# . ..
............†.......... ..
.......................


You could see a crocodile and 2 wolves.

Vanquished Creatures
  Harold (D:7)
  A two-headed ogre (D:9)
  3 death yaks (D:9)
  A black mamba (Lair:1)
  Maurice (D:8)
  A spiny frog (Lair:1)
  A rime drake (Lair:1)
  A troll (D:10)
  Grinder (D:4)
  3 blink frogs (Lair:1)
  A hippogriff (D:7)
  10 yaks (Lair:1)
  A wraith (D:7)
  Eustachio (D:4)
  5 porcupines
  2 orc warriors
  An ice beast (D:6)
  A sky beast (D:6)
  A phantom (D:7)
  2 ogres
  2 wolves (Lair:1)
  A centaur (D:3)
  The ghost of sokol815 the Slasher, an amateur OpFi (D:3)
  A crocodile (Lair:1)
  2 big kobolds
  An elf zombie (D:7)
  10 bullfrogs
  2 scorpions
  A water moccasin skeleton (D:7)
  6 killer bees
  6 wights
  3 crimson imps
  A quasit (D:9)
  A centaur zombie (D:6)
  4 human zombies (D:7)
  A bullfrog skeleton (D:4)
  2 orc priests (D:9)
  A bullfrog zombie (D:9)
  5 hounds
  A jelly (D:9)
  An orc wizard (D:9)
  Crazy Yiuf (D:7)
  4 iguanas
  A human skeleton (D:7)
  4 worker ants
  2 hound skeletons
  4 mummies (D:7)
  10 gnolls
  14 adders
  3 river rats
  An adder zombie (D:7)
  2 adder skeletons (D:6)
  A worm (D:4)
  2 dart slugs
  3 leopard geckos
  20 orcs
  3 ball pythons
  9 bats
  5 giant cockroaches
  3 goblins
  5 hobgoblins
  7 jackals
  6 quokkas
  2 frilled lizards
  21 kobolds
  8 rats
233 creatures vanquished.

Vanquished Creatures (collateral kills)
  A hydra (Lair:1)
  2 blink frogs (Lair:1)
  2 yaks (Lair:1)
  2 water moccasins (Lair:1)
  3 wolves (Lair:1)
10 creatures vanquished.

Grand Total: 243 creatures vanquished

Notes
Turn   | Place    | Note
-------+----------+-------------------------------------------
     0 | D:1      | Fang the Gargoyle Berserker began the quest for the Orb.
     0 | D:1      | Reached XP level 1. HP: 14/14 MP: 1/1
   332 | D:1      | Reached XP level 2. HP: 19/19 MP: 2/2
  1096 | D:2      | Reached XP level 3. HP: 18/24 MP: 3/3
  1425 | D:2      | Reached skill level 1 in Stealth
  1562 | D:2      | Reached ** piety under Trog
  1562 | D:2      | Reached XP level 4. HP: 29/29 MP: 4/4
  1678 | D:2      | Reached skill level 3 in Axes
  1995 | D:3      | Noticed a centaur
  2007 | D:3      | Killed a centaur
  2007 | D:3      | Reached XP level 5. HP: 22/33 MP: 5/5
  2314 | D:3      | Noticed sokol815's ghost (amateur OpFi)
  2317 | D:3      | Found a runed door.
  2360 | D:3      | Killed sokol815's ghost
  2360 | D:3      | Reached skill level 4 in Axes
  2360 | D:3      | Reached XP level 6. HP: 39/39 MP: 6/6
  2483 | D:3      | Found a sacrificial altar of Ru.
  2911 | D:4      | Found a stormy altar of Qazlal.
  2936 | D:4      | Noticed Eustachio
  2956 | D:4      | Killed Eustachio
  3002 | D:4      | Reached skill level 5 in Axes
  3002 | D:4      | Reached XP level 7. HP: 28/44 MP: 7/7
  3047 | D:4      | Found a glowing drain.
  3079 | Sewer    | Entered a sewer
  3086 | Sewer    | Reached *** piety under Trog
  3241 | Sewer    | Found a white marble altar of Elyvilon.
  3314 | D:4      | Reached skill level 5 in Fighting
  3399 | D:4      | Noticed Grinder
  3402 | D:4      | Paralysed by Grinder for 7 turns
  3417 | D:4      | Killed Grinder
  3417 | D:4      | Reached skill level 6 in Axes
  3417 | D:4      | Reached XP level 8. HP: 50/50 MP: 8/8
  3787 | D:4      | Found a staircase to the Ecumenical Temple.
  3888 | Temple   | Entered the Ecumenical Temple
  3930 | D:5      | Entered Level 5 of the Dungeon
  4555 | D:6      | Found an ornate altar of the Wu Jian Council.
  4626 | D:6      | Found an ancient bone altar of Kikubaaqudgha.
  4668 | D:6      | Reached skill level 7 in Axes
  4808 | D:6      | Reached **** piety under Trog
  4808 | D:6      | Reached XP level 9. HP: 54/55 MP: 9/9
  5279 | D:7      | Reached skill level 8 in Axes
  5407 | D:7      | Found a runed door.
  5533 | D:7      | Noticed Harold
  5562 | D:7      | Killed Harold
  5562 | D:7      | Reached skill level 5 in Armour
  5733 | D:7      | Reached skill level 9 in Axes
  5786 | D:7      | Found a basalt altar of Yredelemnul.
  5852 | D:7      | Reached XP level 10. HP: 51/63 MP: 10/10
  6011 | D:7      | Found a transporter.
  6011 | D:7      | Noticed a kobold demonologist
  6012 | D:7      | Noticed a kobold demonologist
  6182 | D:7      | Found a transporter.
  6550 | D:7      | Noticed Crazy Yiuf
  6559 | D:7      | Killed Crazy Yiuf
  6630 | D:8      | Found a hide-covered altar of Uskayaw.
  6692 | D:8      | Noticed Maurice
  6881 | D:8      | Found Fulistrud's Book Shoppe.
  6950 | D:8      | Found Bailagim's Armour Shop.
  6980 | D:8      | Found Zajeos's Food Emporium.
  7088 | D:8      | Killed Maurice
  7088 | D:8      | Reached skill level 5 in Dodging
  7153 | D:8      | Found a shadowy altar of Dithmenos.
  7358 | D:8      | Reached skill level 10 in Axes
  7514 | D:9      | Found Uneov's Jewellery Emporium.
  7650 | D:9      | Found a hazy altar of Hepliaklqana.
  7651 | D:9      | Noticed a two-headed ogre
  7666 | D:9      | Killed a two-headed ogre
  7956 | D:9      | Noticed a death yak
  7958 | D:9      | Noticed a death yak
  7959 | D:9      | Found a staircase to the Lair.
  7959 | D:9      | Noticed a death yak
  7968 | D:9      | Reached ***** piety under Trog
  7973 | D:9      | Killed a death yak
  7979 | D:9      | Killed a death yak
  7979 | D:9      | Reached skill level 11 in Axes
  7979 | D:9      | Reached XP level 11. HP: 31/68 MP: 11/11
  7984 | D:9      | Killed a death yak
  8251 | D:9      | Found a shimmering altar of Xom.
  8655 | D:9      | Got a brightly glowing leather armour
  8666 | D:9      | Identified the cursed +1 leather armour of Shadows and Fog
                  | {rElec rF- rC+ Str+6} (You found it on level 9 of the
                  | Dungeon)
  8694 | D:10     | Entered Level 10 of the Dungeon
  9038 | Lair:1   | Entered Level 1 of the Lair of Beasts
  9257 | Lair:1   | Noticed a four-headed hydra
  9264 | Lair:1   | Killed a four-headed hydra
  9877 | Lair:1   | Reached skill level 12 in Axes
 10230 | Lair:1   | HP: 3/71 [wolf (4)]
 10230 | Lair:1   | Mangled by a crocodile

Skill      XL: |  1  2  3  4  5  6  7  8  9 10 11 |
---------------+----------------------------------+-----
Dodging        | 2 3 4 5 6 |  6.5
Stealth        | 1 2 3 |  3.5
Axes           | 3 4 5 6 7 9 11 12 | 12.1
Fighting       | 4 5 6 7 8 9 |  9.1
Armour         | 3 4 6 7 8 |  8.1
Unarmed Combat | |  0.7

Action                   |  1- 3 |  4- 6 |  7- 9 | 10-12 || total
-------------------------+-------+-------+-------+-------++-------
Melee: Hand axe          |   117 |   141 |   399 |   429 ||  1086
       Unarmed           |       |       |       |     6 ||     6
       Punch             |       |       |       |     3 ||     3
Invok: Berserk           |       |     2 |     5 |     6 ||    13
       Brothers in Arms  |       |       |       |     5 ||     5
  Use: Scroll            |       |     5 |    16 |     5 ||    26
       Potion            |       |       |       |     5 ||     5
 Stab: Sleeping          |     1 |       |       |     3 ||     4
  Eat: Chunk             |     2 |     4 |    12 |    15 ||    33
       Ration            |       |       |     1 |     2 ||     3
Armor: Animal skin       |    55 |       |       |       ||    55
       Pearl dragon scal |    22 |    83 |   195 |   168 ||   468
       Skin              |       |       |       |     1 ||     1
       Leather armour    |       |       |       |    80 ||    80
Dodge: Dodged            |   131 |   103 |   233 |   376 ||   843
